 Dungeon Crawl Stone Soup version 0.27-a0-797-g27d10ad80f (webtiles) character file.

Game seed: 14799741972825485338

18067 sizableburger the Spear-Bearer (level 12, -5/95 HPs)
             Began as a Barachi Fighter on Mar 28, 2021.
             Was a Priest of Fedhas.
             Slain by a polar bear (16 damage)
             ... in an ice cave.
             The game lasted 00:42:42 (18310 turns).

sizableburger the Spear-Bearer (Barachi Fighter)   Turns: 18310, Time: 00:42:42

Health: -5/95      AC: 12    Str: 28    XL:     12   Next: 54%
Magic:  0/17       EV: 11    Int: 10    God:    Fedhas [***...]
Gold:   645        SH:  0    Dex: 11    Spells: 17/17 levels left

rFire    . . .     SeeInvis .   c - +0 trident (drain)
rCold    . . .     Faith    .   (no shield)
rNeg     . . .     Spirit   +   b - +0 scale mail
rPois    +         Reflect  .   (no helmet)
rElec    .         Harm     .   y - +0 cloak
rCorr    .         Rampage  .   a - +1 pair of gloves {Stlth+}
Will     .....                  (no boots)
Stlth    ++........             j - amulet of guardian spirit
HPRegen  0.25/turn              C - ring of poison resistance
MPRegen  0.15/turn              E - +6 ring of strength

@: berserk cooldown, slowed, very slow
A: +LOS, amphibious, slowness 1, strong legs 1
a: Hop, Renounce Religion, Wall of Briars, Grow Ballistomycete


You were in an ice cave.
You worshipped Fedhas.
Fedhas was most pleased with you.
You visited 3 branches of the dungeon, and saw 11 of its levels.
You also visited: Ossuary and Ice Cave.

You collected 710 gold pieces.
You spent 65 gold pieces at shops.

Inventory:

Hand Weapons
 c - a +0 trident of draining (weapon)
 o - a +0 halberd
Armour
 a - a +1 pair of gloves of stealth (worn)
 b - a +0 scale mail (worn)
 y - a +0 cloak (worn)
Jewellery
 j - an amulet of guardian spirit (around neck)
 x - a ring of fire
 C - a ring of poison resistance (left hand)
 E - a +6 ring of strength (right hand)
Wands
 e - a wand of iceblast (5)
 u - a wand of polymorph (2)
 D - a wand of digging (6)
 G - a wand of flame (22)
Scrolls
 d - a scroll of holy word
 g - a scroll of amnesia
 l - 5 scrolls of teleportation
 n - 2 scrolls of noise
 q - a scroll of silence {unknown}
 s - a scroll of magic mapping {unknown}
 v - a scroll of vulnerability {unknown}
 w - a scroll of enchant armour {unknown}
 A - a scroll of fog {unknown}
Potions
 f - a potion of curing
 h - 5 potions of mutation
 i - 3 potions of degeneration
 k - 3 potions of attraction
 p - 2 potions of haste
 r - a potion of magic
 t - a potion of brilliance


   Skills:
 - Level 9.2 Fighting
 + Level 12.9 Polearms
 - Level 8.8 Armour
 - Level 3.6 Dodging
 + Level 3.6 Stealth
 - Level 4.3 Shields
 - Level 3.3 Spellcasting
 + Level 6.8 Invocations
 - Level 7.3 Evocations


You had 17 spell levels left.
You didn't know any spells.
Your spell library contained the following spells:

 Spells                   Type           Power      Damage    Failure   Level
 Animate Skeleton         Necr           2%         N/A       47%         1
 Apportation              Tloc           2%         N/A       47%         1
 Corona                   Hex            1%         N/A       47%         1
 Magic Dart               Conj           4%         1d3       47%         1
 Pain                     Necr           4%         1d4       47%         1
 Sting                    Tmut/Pois      4%         1d3       47%         1
 Blink                    Tloc           N/A        N/A       63%         2
 Call Imp                 Summ           1%         N/A       63%         2
 Ensorcelled Hibernation  Hex/Ice        2%         N/A       63%         2
 Poisonous Vapours        Pois/Air       2%         N/A       63%         2
 Slow                     Hex            1%         N/A       63%         2
 Confusing Touch          Hex            1%         N/A       85%         3
 Conjure Flame            Conj/Fire      1%         6-21      85%         3
 Dazzling Flash           Conj/Hex       2%         N/A       85%         3
 Gell's Gravitas          Tloc           0%         N/A       85%         3
 Ignite Poison            Fire/Tmut/Pois 1%         N/A       85%         3
 Lesser Beckoning         Tloc           0%         N/A       85%         3
 Mephitic Cloud           Conj/Pois/Air  1%         N/A       85%         3
 Tukima's Dance           Hex            1%         N/A       85%         3
 Vampiric Draining        Necr           0%         2d6       85%         3
 Animate Dead             Necr           0%         N/A       99%         4
 Olgreb's Toxic Radiance  Pois           1%         N/A       99%         4
 Petrify                  Tmut/Erth      1%         N/A       99%         4
 Agony                    Necr           1%         N/A       100%        5
 Alistair's Intoxication  Tmut/Pois      0%         N/A       100%        5
 Metabolic Englaciation   Hex/Ice        0%         N/A       100%        5
 Yara's Violent Unravell  Hex/Tmut       0%         3d3       100%        5
 Invisibility             Hex            1%         N/A       100%        6


Dungeon Overview and Level Annotations

Branches:
Dungeon (8/15)             Temple (1/1) D:6            Lair (2/6) D:8
Ossuary (visited)           IceCv (1/1)
  Swamp: Lair:2-4    Shoals: Lair:2-4     Snake: Lair:2-4    Spider: Lair:2-4

Altars:
Ashenzari
Cheibriados
Dithmenos
Elyvilon
Fedhas
Gozag
Hepliaklqana
Kikubaaqudgha
Makhleb
Nemelex Xobeh
Okawaru
Qazlal
Ru
Sif Muna
Trog
Uskayaw
Vehumet
Wu Jian
Xom
Yredelemnul
Zin
The Shining One

Shops:
D:1 !   D:4 !

Annotations:
D:2 Sigmund IceCv exclusion: ice statue


Innate Abilities, Weirdness & Mutations

You can be seen from farther away. (+LOS)
You are amphibious.
You cover ground slowly.
You can hop short distances.


Message History

The polar bear is severely wounded.
Unknown command.
You puncture the polar bear!
Fedhas appreciates your contribution to the ecosystem.
The polar bear explodes!
The fiery explosion engulfs you!!
The fiery explosion engulfs the yak!!
Flame seeps out of the yak.
The yak is almost dead.
You are engulfed in blazing flames.
Reach: c) +0 trident (drain)
Press: ? - help, Dir - move target, f - yak
Aim: a yak (flame, almost dead, inner flame, about 24% to evade your +0 trident of draining)
You reach to attack!
You hit the yak.
Flame seeps out of the yak.
The yak is almost dead.
You are engulfed in blazing flames.
The yak is engulfed in blazing flames.
Fedhas appreciates your contribution to the ecosystem.
The yak explodes!
Fedhas appreciates your contribution to the ecosystem.
You feel a bit more experienced.
You hear an explosion!
You're standing in a cloud of flame!
You are engulfed in blazing flames.
* * * LOW HITPOINT WARNING * * *
You are too berserk!
Unknown command.
Okay, then.
You are too berserk!
You feel a strong urge to attack something.
You are engulfed in blazing flames.
* * * LOW HITPOINT WARNING * * *
You are no longer berserk.
You are exhausted.
You feel yourself slow down.
The yak bellows!
The polar bear goes berserk!
As you read the scroll of fear, it crumbles to dust.
You assume a fearsome visage.
The polar bear looks frightened!
The yak looks frightened!
The polar bear bites you!!
You die...
Fedhas appreciates your contribution to the ecosystem.

#.## #..#
#####..# #..#
#.####..###.#
##..# ..#
#.⌠###..#
...#..##
#...##.##
#Y....
#..#...#
.8..#
##.#..##
#..##
##.##### .Y#
#.##.## #.#
##.#@Y# ##
##°#h.h...#
#§#....#$:#
####...# #.##
##


You could see 2 polar bears and a yak (inner flame, fleeing).

Vanquished Creatures
  A white draconian (IceCv)
  A death yak (IceCv)
  Pikel (D:4)
  Joseph (D:7)
  2 black mambas (Lair:1)
  A cane toad (Lair:1)
  2 rime drakes (Lair:2)
  A komodo dragon (Lair:1)
  A hornet (D:8)
  5 blink frogs (Lair:1)
  14 polar bears (IceCv)
  Eustachio (D:4)
  24 yaks
  Grum (Lair:1)
  A steam dragon (D:8)
  Duvessa (D:7)
  9 water moccasins
  2 ice beasts
  An orc warrior (D:8)
  A necrophage (D:5)
  2 ogres
  24 wolves
  A black bear (D:8)
  A centaur (D:7)
  A lemure (D:4)
  6 bullfrogs
  2 kobold brigands (D:8)
  Blork the orc (D:4)
  2 gnoll sergeants
  A wyvern zombie (D:8)
  Dowan (D:7)
  2 water moccasin zombies
  2 scorpions
  3 killer bees (D:8)
  4 wights (D:8)
  A jelly (D:7)
  A bullfrog zombie (D:5)
  A centaur zombie (D:6)
  A hound (D:6)
  A human zombie (Ossuary)
  2 orc priests (D:8)
  A bullfrog skeleton (D:5)
  A centaur skeleton (D:7)
  Crazy Yiuf (D:5)
  4 gnoll shamans (D:3)
  2 orc wizards (D:5)
  4 iguanas
  A killer bee zombie (D:6)
  A hound zombie (D:5)
  3 mummies (Ossuary)
  A howler monkey zombie (D:6)
  4 adders
  A howler monkey skeleton (D:6)
  39 gnolls
  A shadow imp (D:5)
  A white imp (D:7)
  3 adder zombies (Ossuary)
  3 dart slugs
  12 orcs
  7 endoplasms
  3 giant cockroaches
  13 goblins
  5 hobgoblins
  21 jackals
  11 kobolds
  6 quokkas
  8 ball pythons
  4 bats
  A frilled lizard (D:1)
  A gnoll zombie (Ossuary)
  2 goblin zombies (Ossuary)
  5 hobgoblin zombies (Ossuary)
  3 kobold zombies (Ossuary)
  A quokka zombie (Ossuary)
  5 rats
  2 rat zombies (Ossuary)
312 creatures vanquished.

Vanquished Creatures (collateral kills)
  A polar bear (IceCv)
1 creature vanquished.

Vanquished Creatures (others)
  63 fungi
  65 plants
128 creatures vanquished.

Grand Total: 441 creatures vanquished

Notes
Turn   | Place    | Note
-------+----------+-------------------------------------------
     0 | D:1      | sizableburger the Barachi Fighter began the quest for the
                  | Orb.
     0 | D:1      | Reached XP level 1. HP: 18/18 MP: 1/1
   178 | D:1      | Found Pollin's Distillery.
   415 | D:1      | Reached XP level 2. HP: 13/25 MP: 2/2
  1052 | D:1      | Reached XP level 3. HP: 30/30 MP: 3/3
  1399 | D:2      | Found a sparkling altar of Nemelex Xobeh.
  1897 | D:2      | Reached XP level 4. HP: 38/38 MP: 4/4
  2021 | D:1      | Reached skill level 3 in Polearms
  2209 | D:2      | Noticed Sigmund
  2701 | D:1      | Identified a scroll of acquirement
  2701 | D:1      | Acquired a +1 pair of gloves of stealth
  2857 | D:2      | Reached XP level 5. HP: 35/43 MP: 3/5
  3316 | D:3      | Reached skill level 4 in Polearms
  3540 | D:3      | Reached XP level 6. HP: 28/50 MP: 3/6
  3821 | D:3      | Reached skill level 5 in Polearms
  4201 | D:3      | Reached skill level 6 in Polearms
  4358 | D:3      | Reached XP level 7. HP: 55/55 MP: 7/7
  5713 | D:3      | Reached skill level 5 in Armour
  5944 | D:4      | Noticed Blork the orc
  5953 | D:4      | Killed Blork the orc
  6033 | D:4      | Noticed Eustachio
  6596 | D:4      | Found a broken altar of Ashenzari.
  6647 | D:4      | Noticed Pikel
  6654 | D:4      | Paralysed by Pikel for 6 turns
  6673 | D:4      | Paralysed by Pikel for 6 turns
  6978 | D:4      | Paralysed by Pikel for 2 turns
  6991 | D:4      | Killed Pikel
  6992 | D:4      | Reached skill level 8 in Polearms
  6992 | D:4      | Reached XP level 8. HP: 7/61 MP: 3/8
  7353 | D:4      | Killed Eustachio
  7354 | D:4      | Reached skill level 1 in Evocations
  7615 | D:4      | Found Berreun's Distillery.
  7618 | D:4      | Bought a potion of heal wounds for 65 gold pieces
  7699 | D:4      | Saw a vision of the Swamp and the Spider Nest.
  7699 | D:4      | Noticed a will-o-the-wisp
  7699 | D:4      | Noticed a goliath frog
  7699 | D:4      | Noticed a redback
  7699 | D:4      | Noticed a redback
  7699 | D:4      | Noticed a redback
  7699 | D:4      | Noticed a redback
  7699 | D:4      | Noticed a redback
  7759 | D:5      | Entered Level 5 of the Dungeon
  8188 | D:5      | Reached skill level 9 in Polearms
  8214 | D:5      | Found a sand-covered staircase.
  8234 | Ossuary  | Entered an ossuary
  8558 | D:5      | Reached XP level 9. HP: 57/67 MP: 7/9
  8707 | D:5      | Found a shimmering altar of Xom.
  8879 | D:5      | Found a runed translucent door.
  8884 | D:5      | Noticed Crazy Yiuf
  8901 | D:5      | Identified the +8 mace of the Final Hells {vamp, +Rage
                  | Dex+7 Stlth+}
  8904 | D:5      | Identified the +5 mace of the Shining Light {speed, *Drain
                  | rPois rF+++ Int-3}
  8974 | D:5      | Killed Crazy Yiuf
  9680 | D:6      | Found a staircase to the Ecumenical Temple.
 10091 | D:6      | Found a hazy altar of Hepliaklqana.
 10150 | D:7      | Noticed Duvessa
 10150 | D:7      | Noticed Dowan
 10154 | D:7      | Killed Duvessa
 10154 | D:7      | Noticed Joseph
 10157 | D:7      | Killed Dowan
 10559 | D:7      | Killed Joseph
 10560 | D:7      | Reached skill level 10 in Polearms
 10560 | D:7      | Reached skill level 5 in Evocations
 10824 | D:7      | Found a snail-covered altar of Cheibriados.
 10876 | Temple   | Entered the Ecumenical Temple
 10935 | Temple   | Became a worshipper of Fedhas Madash
 10982 | D:7      | Reached skill level 5 in Fighting
 10998 | D:7      | Found a burning altar of Makhleb.
 11002 | D:7      | Found a shimmering altar of Xom.
 11067 | D:7      | Found an ancient bone altar of Kikubaaqudgha.
 11068 | D:7      | Found a broken altar of Ashenzari.
 11069 | D:7      | Found a shimmering blue altar of Sif Muna.
 11071 | D:7      | Found a hazy altar of Hepliaklqana.
 11140 | D:7      | Reached XP level 10. HP: 63/74 MP: 7/10
 11364 | D:8      | Found a white marble altar of Elyvilon.
 12355 | D:8      | Reached * piety under Fedhas
 13027 | D:8      | Found a staircase to the Lair.
 13114 | D:8      | Found a hide-covered altar of Uskayaw.
 13380 | Lair:1   | Entered Level 1 of the Lair of Beasts
 13478 | Lair:1   | Reached skill level 11 in Polearms
 13510 | Lair:1   | Noticed a black mamba
 13548 | Lair:1   | Killed a black mamba
 13549 | Lair:1   | Reached skill level 1 in Invocations
 13638 | Lair:1   | Noticed a black mamba
 13653 | Lair:1   | Killed a black mamba
 14078 | Lair:1   | Reached XP level 11. HP: 15/86 MP: 1/13
 14536 | Lair:1   | Noticed Grum
 14545 | Lair:1   | Reached ** piety under Fedhas
 14547 | Lair:1   | Killed Grum
 15372 | Lair:2   | Reached skill level 1 in Dodging
 15519 | Lair:2   | Found a frozen archway.
 15525 | Lair:2   | Reached skill level 1 in Spellcasting
 15647 | IceCv    | Entered an ice cave
 15860 | IceCv    | Reached skill level 12 in Polearms
 16010 | IceCv    | Reached skill level 5 in Invocations
 16434 | IceCv    | Reached XP level 12. HP: 35/95 MP: 6/16
 16722 | IceCv    | Reached *** piety under Fedhas
 17017 | IceCv    | Reached skill level 1 in Stealth
 17923 | IceCv    | Noticed a death yak
 17943 | IceCv    | Killed a death yak
 18283 | IceCv    | Noticed a white draconian
 18306 | IceCv    | Killed a white draconian
 18310 | IceCv    | Slain by a polar bear

Illustrated notes

Levels and vault maps discovered:
D:1:      minmay_arrival_up_and_down, layout_basic, serial_shops,
          nicolae_shop_competitors_out_of_business
D:2:      kennysheep_six_static_rooms, layout_rooms,
          nemelex_xobeh_ov_fountains_minmay, uniq_sigmund
D:3:      lemuel_castle_with_subvaults [lemuel_castle_interior_carwin_3],
          layout_basic
D:4:      layout_cave_pools, serial_shops, kennysheep_mini,
          grunt_ashenzari_visionary [grunt_ashenzari_visionary_swamp,
          grunt_ashenzari_visionary_spider], uniq_blork_the_orc, uniq_pikel,
          uniq_eustachio
D:5:      layout_basic, enter_ossuary_1, xom_teletrap_fun,
          uniq_crazy_yiuf_cottage
D:6:      layout_cave_pools, minmay_temple_entry_antechambers, basic_altar,
          st_stairs_6
D:7:      layout_basic, grunt_temple_overflow_open, uniq_duvessa, uniq_joseph
D:8:      layout_layer_cave, elyvilon_altar_4, nicolae_uskayaw_dance_studio,
          due_lair_maze_entry_diamond
Temple:   nicolae_temple_god_jail
Lair:1:   layout_hall_layers, uniq_grum
Lair:2:   layout_roguey, nicolae_swamp_entry_splash_gauntlet,
          nicolae_spider_entry_tight_spaces, portal_ice_cave_rime,
          roderic_carrion_pond, uniq_fannar
IceCv:    ice_cave_caverns_01

Skill      XL: |  1  2  3  4  5  6  7  8  9 10 11 12 |
---------------+-------------------------------------+-----
Fighting       | 4 5 8 9 |  9.2
Shields        | 4 |  4.3
Polearms       | 3 4 6 8 9 10 11 12 | 12.9
Armour         | 5 6 8 |  8.8
Evocations     | 3 6 7 |  7.3
Invocations    | 2 5 6 |  6.8
Dodging        | 3 |  3.6
Spellcasting   | 3 |  3.3
Stealth        | 3 |  3.6

Action                   |  1- 3 |  4- 6 |  7- 9 | 10-12 || total
-------------------------+-------+-------+-------+-------++-------
Melee: Trident           |   148 |    26 |   335 |   771 ||  1280
       Halberd           |       |   184 |   183 |       ||   367
       Unarmed           |       |       |     4 |       ||     4
Invok: Wall of Briars    |       |       |       |     1 ||     1
 Abil: Hop               |       |     4 |     3 |     6 ||    13
Evoke: Wand              |       |       |       |    33 ||    33
  Use: Scroll            |       |     6 |     8 |     9 ||    23
       Potion            |       |     7 |     4 |     8 ||    19
 Stab: Paralysed         |       |       |       |    27 ||    27
Armor: Scale mail        |    64 |    93 |   249 |   247 ||   653
       Skin              |       |       |     7 |    17 ||    24
Dodge: Dodged            |    37 |   132 |   245 |   274 ||   688
Block: Kite shield       |    76 |    13 |       |       ||    89

Table legend: (Time is in decaauts)
 A = Elapsed time spent in this place.
 B = Non-inter-level travel time spent in this place.
 C = Inter-level travel time spent in this place.
 D = Time resting spent in this place.
 E = Time spent auto-exploring this place.
 F = Levels seen in this place.
 G = Mean time per level.
                   A        B        C        D        E       F      G
               +--------+--------+--------+--------+--------+-----+--------+
         Total |  19642 |  19067 |    575 |   7164 |   8573 |  13 | 1510.9 |
       Dungeon |  14325 |  13808 |    517 |   4551 |   6937 |   8 | 1790.6 |
        Temple |     81 |     67 |     14 |      0 |     30 |   1 |   81.0 |
          Lair |   2349 |   2306 |     43 |   1081 |    934 |   2 | 1174.5 |
       Ossuary |    244 |    244 |      0 |      0 |    149 |   1 |  244.0 |
      Ice Cave |   2642 |   2642 |      0 |   1531 |    521 |   1 | 2642.0 |
               +--------+--------+--------+--------+--------+-----+--------+

Top non-repeatable levels by time:
     D:3: 3325 daAuts
   IceCv: 2642 daAuts
     D:8: 2208 daAuts
     D:1: 2084 daAuts
  Lair:1: 2017 daAuts
     D:4: 1765 daAuts
     D:5: 1445 daAuts
     D:6: 1383 daAuts
     D:2: 1370 daAuts
     D:7: 741 daAuts
  Lair:2: 331 daAuts
 Ossuary: 244 daAuts
  Temple: 81 daAuts
